 Dungeon Crawl Stone Soup version 0.20-a0-1124-g2e29d97 (webtiles) character file.

254 anfisbena the Skirmisher (level 6, 0/58 HPs)
             Began as a Hill Orc Fighter on May 15, 2017.
             Slain by a wight
             ... wielding a cursed +0 flail
              (1 damage)
             ... on level 3 of the Dungeon.
             The game lasted 00:02:22 (2392 turns).

anfisbena the Skirmisher (Hill Orc Fighter)         Turns: 2392, Time: 00:02:23

Health: 0/58       AC:  7    Str: 19    XL:     6   Next: 15%
Magic:  6/6        EV:  6    Int:  8    God:
Gold:   70         SH:  8    Dex: 12    Spells: 5/5 levels left

rFire    + . .     SeeInvis .   a - +0 war axe
rCold    x . .     Gourm    .   c - +0 shield
rNeg     . . .     Faith    .   b - +0 scale mail
rPois    .         Spirit   .   n - +0 helmet
rElec    .         Reflect  .   (no cloak)
rCorr    .         Harm     .   (no gloves)
MR       .....                  (no boots)
Stlth    ..........             (no amulet)
Regen    0.2/turn               p - ring of fire
MPRegen  0.1/turn               (no ring)

@: heavily drained
A: no striking features
a: no special abilities


You were on level 3 of the Dungeon.
You were not hungry.

You visited 1 branch of the dungeon, and saw 3 of its levels.

You collected 70 gold pieces.

Inventory:

Hand Weapons
 a - a +0 war axe (weapon)
Armour
 b - a +0 scale mail (worn)
 c - a +0 shield (worn)
 n - a +0 helmet (worn)
Jewellery
 p - a ring of fire (left hand)
Wands
 u - a wand of random effects (28/48)
Scrolls
 g - a scroll of immolation {unknown}
 h - 2 scrolls of teleportation {unknown}
 i - 3 scrolls of random uselessness {unknown}
 k - 3 scrolls of identify {unknown}
 m - a scroll of remove curse {unknown}
 o - a scroll of enchant weapon {unknown}
Potions
 d - a potion of might
 e - a potion of cancellation {unknown}
 j - a potion of curing {unknown}
 q - a potion of mutation {unknown}
 r - a potion of brilliance {unknown}
Books
 s - a book of Minor Magic

   Spells                             Type                      Level
   a - Magic Dart                     Conjuration                  1
   b - Blink                          Translocation                2
   c - Call Imp                       Summoning                    2
   d - Slow                           Hexes                        2
   e - Conjure Flame                  Conjuration/Fire             3
   f - Mephitic Cloud                 Conjuration/Poison/Air       3
Comestibles
 f - 4 bread rations
 t - a meat ration


   Skills:
 * Level 6.7(4.6) Fighting
 + Level 5.4(3.4) Axes
 - Level 3.2(1.4) Armour
 - Level 3.2(1.4) Shields


You had 5 spell levels left.
You didn't know any spells.

Dungeon Overview and Level Annotations

Branches:
Dungeon (3/15)

Altars:
Kikubaaqudgha
Zin


Message History

The wight closely misses you.
You hit the wight.
The wight is almost destroyed.
Your shield and scale mail prevent you from hitting the wight.
The wight hits you with a morningstar!
* * * LOW HITPOINT WARNING * * *
You feel drained.
* * * LOW HITPOINT WARNING * * *
You block the wight's attack. x2
You hit the wight.
The wight is almost destroyed.
You hit the wight. You block the wight's attack.
The wight hits you with a morningstar.
* * * LOW HITPOINT WARNING * * *
You closely miss the wight.
The wight is almost destroyed.
You block the wight's attack. The wight hits you with a flail.
* * * LOW HITPOINT WARNING * * *
You feel drained.
You die...

...##.# #[[...##....#
......# ##.##.#.....#
##..### #..#.......#
...## ##.........####
###########.>..........#
................########
........####...#########
##### #.................
######.#z#@#####
#..#.#z# #..#..z#
...##....# .#..##.##.#
....###.# ..# .# ## #.#
... #.. #..# ##. ..#


You could see 2 wights.

Vanquished Creatures
  A centaur (D:3)
  2 wights (D:3)
  2 adders
  2 oozes (D:1)
  A dart slug (D:2)
  2 leopard geckos
  An orc (D:3)
  8 bats
  2 giant cockroaches (D:1)
  10 goblins
  6 hobgoblins
  4 jackals (D:1)
  7 kobolds
  2 quokkas
  A ball python (D:2)
  4 frilled lizards
  9 rats
64 creatures vanquished.

Notes
Turn   | Place    | Note
-------+----------+-------------------------------------------
     0 | D:1      | anfisbena the Hill Orc Fighter began the quest for the Orb.
     0 | D:1      | Reached XP level 1. HP: 19/19 MP: 1/1
    47 | D:1      | Reached skill level 4 in Fighting
    47 | D:1      | Reached XP level 2. HP: 17/27 MP: 2/2
   469 | D:1      | Reached XP level 3. HP: 34/34 MP: 3/3
  1214 | D:2      | Reached skill level 5 in Fighting
  1219 | D:2      | Reached XP level 4. HP: 37/42 MP: 4/4
  1607 | D:2      | Noticed an angel
  1608 | D:2      | Found a glowing silver altar of Zin.
  1648 | D:3      | Noticed a centaur
  1657 | D:3      | Killed a centaur
  1657 | D:3      | Reached skill level 6 in Fighting
  1657 | D:3      | Reached XP level 5. HP: 25/50 MP: 5/5
  1828 | D:3      | Found an ancient bone altar of Kikubaaqudgha.
  1963 | D:3      | Reached skill level 5 in Axes
  2050 | D:3      | Reached XP level 6. HP: 3/58 MP: 6/6
  2392 | D:3      | HP: 1/58 [wight/flail (3)]
  2392 | D:3      | Slain by a wight

Vault maps used:
D:1:      minmay_arrival_four_loops, glass_columns_a
D:2:      zin_angel, serial_forest, infiniplex_forest_clump_large,
          infiniplex_forest_straight_1, infiniplex_forest_lined_corner,
          infiniplex_forest_clump_double, infiniplex_forest_clump_double,
          kennysheep_cluttered_room
D:3:      marbit_many_paths, minitemple, first_bread

Skill      XL: |  1  2  3  4  5 |
---------------+----------------+-----
Fighting       | 4 5 6 |  6.7
Axes           | 3 4 5 |  5.4
Armour         | |  3.2
Shields        | |  3.2

Action                   |  1- 3 |  4- 6 || total
-------------------------+-------+-------++-------
Melee: War axe           |   116 |    85 ||   201
  Eat: Chunk             |     1 |     4 ||     5
Armor: Scale mail        |    62 |    32 ||    94
Dodge: Dodged            |    52 |    29 ||    81
Block: Shield            |    80 |    51 ||   131
